 Dungeon Crawl Stone Soup version 0.30.1-9-gdf580d7c3d (webtiles) character file.

Game seed: 12101344479327042406

221 KittyFluff the Cudgeller (level 5, 0/33 HPs)
             Began as a Gargoyle Berserker on Oct 10, 2023.
             Was a Priest of Trog.
             Slain by an iguana (7 damage)
             ... on level 4 of the Dungeon.
             The game lasted 00:09:26 (2393 turns).

KittyFluff the Cudgeller (Gargoyle Berserker)       Turns: 2393, Time: 00:09:26

Health: 0/33       AC:  8    Str: 23    XL:     5   Next: 98%
Magic:  5/5        EV: 12    Int:  7    God:    Trog [***...]
Gold:   115        SH:  0    Dex:  9    Spells: 4/4 levels left

rFire   . . .        a - +0 mace
rCold   . . .        (no shield)
rNeg    + . .        m - +0 leather armour
rPois   ∞            (no helmet)
rElec   +            b - +0 cloak
rCorr   .            (no gloves)
SInv    .            (no boots)
Will    .....        (no amulet)
Stlth   +            (no ring)
HPRegen 0.25/turn    (no ring)
MPRegen 0.09/turn

%: no passive effects
@: no status effects
A: sickness immunity, AC +4, negative energy resistance 1, electricity
resistance, torment resistance 1, petrification resistance
a: Renounce Religion, Berserk, Trog's Hand


You were on level 4 of the Dungeon.
You worshipped Trog.
Trog was most pleased with you.
You visited 1 branch of the dungeon, and saw 4 of its levels.

You collected 115 gold pieces.

Inventory:

Hand Weapons
 a - a +0 mace (weapon)
 l - a +0 sling
Missiles
 p - 10 poisoned darts (quivered)
Armour
 b - a +0 cloak (worn)
 m - a +0 leather armour (worn)
Jewellery
 s - a ring of fire
Scrolls
 c - 2 scrolls of immolation {unknown}
 e - 2 scrolls of enchant weapon {unknown}
 f - 2 scrolls of identify {unknown}
 h - 3 scrolls of magic mapping {unknown}
 j - a scroll of teleportation {unknown}
 t - a scroll of acquirement {unknown}
 u - a scroll of torment {unknown}
Potions
 d - a potion of might {unknown}
 g - 2 potions of heal wounds {unknown}
 i - 2 potions of curing {unknown}
 k - a potion of flight {unknown}
 n - a potion of magic {unknown}
 o - a potion of cancellation {unknown}
 q - a potion of ambrosia {unknown}
 r - a potion of attraction {unknown}


   Skills:
 + Level 4.3 Fighting
 * Level 4.3 Maces & Flails
 * Level 4.0 Armour
 + Level 2.4 Dodging


You had 4 spell levels left.
You didn't know any spells.
Your spell library was empty.

Dungeon Overview and Level Annotations

Branches:
Dungeon (4/15)
 Temple: D:4-7

Altars:
Uskayaw

Annotations:
D:3 3 runed translucent doors, deremet's ghost, weakling GnDe


Innate Abilities, Weirdness & Mutations

You are immune to sickness and miasma.
Your stone body is resilient. (AC +4)
You are immune to poison.
You resist negative energy. (rN+)
You are resistant to electric shocks. (rElec)
You are resistant to unholy torment.
You are immune to petrification.


Message History

You closely miss the adder. The adder barely misses you.
You barely miss the adder.
The adder bites you but does no damage. x2
You miss the adder. The adder bites you but does no damage.
You sock the adder!
The adder is severely wounded.
The adder closely misses you. The adder misses you.
You closely miss the adder.
The adder is severely wounded.
The adder bites you.
You barely miss the adder.
The adder is severely wounded.
The adder bites you but does no damage. The adder closely misses you.
You hit the adder.
The adder is severely wounded.
The adder closely misses you.
You sock the adder!
You kill the adder!
Trog accepts your kill.
You sock the ball python!
You kill the ball python!
Trog accepts your kill. The iguana bites you!
You barely miss the iguana. The iguana bites you.
You hit the iguana.
The iguana is moderately wounded.
The iguana bites you!
You barely miss the iguana.
The iguana is moderately wounded.
The iguana bites you but does no damage.
You hit the iguana.
The iguana is severely wounded.
The iguana barely misses you.
You closely miss the iguana.
The iguana is severely wounded.
The iguana bites you.
* * * LOW HITPOINT WARNING * * *
You barely miss the iguana.
The iguana is severely wounded.
The iguana misses you. The iguana bites you!
You die...

.# #...#
##########...##.#.#
.# #...#
#########.##...#
.## #...#
#......##.######
..###...#
#......#..#
#..##...###
#......'.##
..........#
#......###
..........#
##......#
..........#
#....####
..........# #@####
..........# #l#
..........# ...
........$.# .....
########'## .......
'# #........ ..
.......... ..
............


You could see an iguana.

Vanquished Creatures
  A scorpion (D:4)
  A hound (D:3)
  5 adders
  A white imp (D:3)
  5 worms
  An orc (D:3)
  7 endoplasms
  4 giant cockroaches
  8 goblins
  8 hobgoblins
  4 jackals (D:4)
  3 quokkas
  9 ball pythons
  6 bats
  5 frilled lizards
  A kobold (D:4)
69 creatures vanquished.

Notes
Turn   | Place    | Note
-------+----------+-------------------------------------------
     0 | D:1      | KittyFluff the Gargoyle Berserker began the quest for the
                  | Orb.
     0 | D:1      | Reached XP level 1. HP: 14/14 MP: 1/1
   121 | D:1      | Reached XP level 2. HP: 18/19 MP: 2/2
  1112 | D:2      | Reached XP level 3. HP: 23/23 MP: 3/3
  1226 | D:2      | Reached ** piety under Trog
  1458 | D:3      | Found a runed translucent gate.
  1458 | D:3      | Found a runed translucent gate.
  1458 | D:3      | Found a runed translucent gate.
  1548 | D:3      | Noticed a kobold brigand
  1549 | D:3      | Noticed deremet's ghost (weakling GnDe)
  1645 | D:3      | Reached XP level 4. HP: 29/29 MP: 4/4
  1756 | D:3      | Found a hide-covered altar of Uskayaw.
  1887 | D:3      | Reached XP level 5. HP: 33/33 MP: 5/5
  2287 | D:4      | Reached *** piety under Trog
  2393 | D:4      | Slain by an iguana

Illustrated notes

Levels and vault maps discovered:
D:1:      dpeg_arrival_central, layout_loops_corners, hex_tiny, st_stairs_8
D:2:      layout_rooms, hex_medium
D:3:      layout_rooms, eat_drink_and_be_merry_uskayaw,
          gammafunk_ghost_nasty_kobolds, kennysheep_generic_room_8
D:4:      layout_basic

Skill      XL: |  1  2  3  4  5 |
---------------+----------------+-----
Armour         | 3 4 |  4.0
Dodging        | 2 |  2.4
Fighting       | 4 |  4.3
Maces & Flails | 4 |  4.3

Action                     |  1- 3 |  4- 6 || total
---------------------------+-------+-------++-------
  Melee: Mace              |   127 |   127 ||   254
         Punch             |     1 |     1 ||     2
 Invoke: Berserk           |     1 |       ||     1
 Armour: Animal skin       |    31 |       ||    31
         Leather armour    |    40 |    84 ||   124
  Dodge: Dodged            |    67 |   118 ||   185
